 Dungeon Crawl Stone Soup version 0.18-a0-1539-g1c7284a (webtiles) character file.

17 Ijustatesigmund the Insei (level 2, 0/19 HPs)
             Began as an Octopode Transmuter on Mar 9, 2016.
             Slain by a jackal (1 damage)
             ... on level 1 of the Dungeon.
             The game lasted 00:00:35 (321 turns).

Ijustatesigmund the Insei (Octopode Transmuter)      Turns: 321, Time: 00:00:35

Health: 0/19       AC:  1    Str:  9    XL:     2   Next: 62%
Magic:  1/5        EV: 12    Int: 15    God:
Gold:   16         SH:  0    Dex: 12    Spells: 2 memorised, 2 levels left

rFire  . . .     SeeInvis .       - Unarmed
rCold  . . .     Gourm    .     (no shield)
rNeg   . . .     Faith    .     (helmet restricted)
rPois  .         Spirit   .     (no amulet)
rElec  .         Dismiss  .     (no ring)
rCorr  .         Reflect  .     (no ring)
SustAt .         Harm     .     (no ring)
MR     .....                    (no ring)
Stlth  ++........               (no ring)
                                (no ring)
                                (no ring)
                                (no ring)

@: very slightly contaminated, not resistant to hostile enchantments, unstealthy
A: almost no armour, amphibious, 8 rings, constrict 8, camouflage 1, gelatinous
body 1
a: no special abilities


You were on level 1 of the Dungeon.
You were not hungry.

You visited 1 branch of the dungeon, and saw 1 of its levels.

You collected 16 gold pieces.

Inventory:

Missiles
 a - 42 arrows
Scrolls
 d - a scroll of remove curse {unknown}
 e - a scroll of magic mapping {unknown}
Books
 b - a book of Changes

   Spells                             Type                      Level
   a - Beastly Appendage              Transmutation                1
   b - Sticks to Snakes               Transmutation                2
   c - Spider Form                    Transmutation/Poison         3
   d - Ice Form                       Ice/Transmutation            4
   e - Blade Hands                    Transmutation                5
Comestibles
 c - a bread ration


   Skills:
 * Level 2.0 Fighting
 - Level 2.0 Dodging
 + Level 3.3 Unarmed Combat
 - Level 2.0 Spellcasting
 - Level 2.0 Transmutations


You had 2 spell levels left.
You knew the following spells:

 Your Spells              Type           Power        Failure   Level  Hunger
a - Beastly Appendage     Trmt           #.....       12%         1    #......
b - Sticks to Snakes      Trmt           #.......     14%         2    ###....


Dungeon Overview and Level Annotations

Branches:
Dungeon (1/15)

Altars:


Innate Abilities, Weirdness & Mutations

You cannot wear most types of armour.
You are amphibious.
You can wear up to eight rings at the same time.
You can use your tentacles to constrict eight enemies at once.
Your skin changes colour to match your surroundings (Stealth).
Your rubbery body absorbs attacks (AC +1).


Message History

* * * LOW HITPOINT WARNING * * *
You aren't carrying any potions.
You tentacle-slap the jackal.
You kill the jackal!
The bat hits you but does no damage.
You barely miss the bat. Your grab misses the bat. The bat misses you.
The bat hits you.
* * * LOW HITPOINT WARNING * * *
You closely miss the bat. You grab the bat.
Your tentacle spike misses the bat.
You constrict the bat. The bat hits you but does no damage.
The bat barely misses you.
You tentacle-slap the bat but do no damage.
The bat is severely wounded.
You constrict the bat.
You kill the bat!
You barely miss the jackal. Your grab misses the jackal.
You pierce the jackal, but do no damage.
Your tentacle spike disappears.
The jackal bites you.
You die...

#########
#.......#
#.......#
#.......#
#.......#
#.......#####
##
#...........#
.##
#..########.#
. ..## #.##
#@# ##.#
...###.#
###h##....#
.......#
#.KK.......
...#####
#.......%..
...#####
#.....?....
........
#..........
...#####
#..........
...#
.?.........
...#
............


You could see a jackal and 2 kobolds.

Vanquished Creatures
  An ooze (D:1)
  2 hobgoblins (D:1)
  3 jackals (D:1)
  2 kobolds (D:1)
  3 bats (D:1)
  A rat (D:1)
12 creatures vanquished.

Notes
Turn   | Place    | Note
--------------------------------------------------------------
     0 | D:1      | Ijustatesigmund the Octopode Transmuter began the quest for the Orb.
     0 | D:1      | Reached XP level 1. HP: 13/13 MP: 3/3
    44 | D:1      | Reached XP level 2. HP: 6/19 MP: 5/5
    48 | D:1      | Learned a level 2 spell: Sticks to Snakes
   321 | D:1      | Slain by a jackal

Vault maps used:
D:1:      minmay_arrival_stair_chambers

Skill      XL: |  1  2 |
---------------+-------+-----
Fighting       | 2 |  2.0
Dodging        | |  2.0
Unarmed Combat | |  3.3
Spellcasting   | |  2.0
Transmutations | |  2.0

Action                   || total
-------------------------++-------
Melee: Unarmed           ||    27
 Cast: Beastly Appendage ||     1
